 Dungeon Crawl Stone Soup version 0.26-a0-812-g31a745ddcd (webtiles) character file.

Game seed: 8688232221818707198

151 trollhero the Ruffian (level 5, 0/45 HPs)
             Began as a Ghoul Monk on Nov 15, 2020.
             Was a Believer of Makhleb.
             Slain by a lemure (4 damage)
             ... led by Pikel
             ... on level 3 of the Dungeon.
             The game lasted 00:07:08 (2438 turns).

trollhero the Ruffian (Ghoul Monk)                  Turns: 2438, Time: 00:07:08

Health: 0/45       AC: 11    Str: 16    XL:     5   Next: 33%
Magic:  0/4        EV:  7    Int:  5    God:    Makhleb [**....]
Gold:   298        SH:  0    Dex: 11    Spells: 4/4 levels left

rFire    . . .     SeeInvis .     - Unarmed
rCold    + + .     Faith    .   (no shield)
rNeg     + + +     Spirit   +   b - +1 chain mail
rPois    ∞         Reflect  .   a - +0 helmet
rElec    .         Harm     .   (no cloak)
rCorr    .         Rampage  .   (no gloves)
MR       +....                  d - +0 pair of boots
Stlth    ..........             f - amulet of guardian spirit
HPRegen  0.00/turn              c - ring of protection from cold
MPRegen  0.09/turn              m - ring of protection from magic

@: about to teleport
A: rotting body, claws 1, cold resistance 1, negative energy resistance 3,
inhibited regeneration, torment resistance, unbreathing
a: Minor Destruction, Renounce Religion


You were on level 3 of the Dungeon.
You worshipped Makhleb.
Makhleb was pleased with you.
You visited 1 branch of the dungeon, and saw 4 of its levels.

You collected 298 gold pieces.

Inventory:

Armour
 a - a +0 helmet (worn)
 b - a +1 chain mail (worn)
 d - a +0 pair of boots (worn)
Jewellery
 c - a ring of protection from cold (left claw)
 f - an amulet of guardian spirit (around neck)
 m - a ring of protection from magic (right claw)
Scrolls
 e - a scroll of amnesia
 h - a scroll of immolation
 t - a scroll of teleportation


   Skills:
 - Level 3.2 Fighting
 - Level 2.6 Dodging
 - Level 2.1 Stealth
 + Level 6.4 Unarmed Combat


You had 4 spell levels left.
You didn't know any spells.
Your spell library was empty.

Dungeon Overview and Level Annotations

Branches:
Dungeon (4/15)
 Temple: D:4-7

Altars:
Elyvilon
Hepliaklqana
Makhleb
Sif Muna
Trog
Xom

Annotations:
D:3 Pikel


Innate Abilities, Weirdness & Mutations

Your body is rotting away.
You thrive by killing the living.
You are immune to poison.
You have sharp fingernails.
Your flesh is cold resistant. (rC+)
You are immune to negative energy. (rN+++)
You do not regenerate when monsters are visible.
You are immune to unholy pain and torment.
You can survive without breathing.


Message History

Unknown command.
Unknown command.
As you read the scroll of teleportation, it crumbles to dust.
You feel strangely unstable. The lemure hits you but does no damage.
The lemure hits you.
* * * LOW HITPOINT WARNING * * *
Pikel completely misses you.
You aren't carrying any potions.
You aren't carrying any potions.
You aren't carrying any potions.
You scratch Pikel but do no damage. The lemure hits you but does no damage.
The lemure hits you.
* * * LOW HITPOINT WARNING * * *
Pikel zaps a wand.
You resist with almost no effort.
You closely miss Pikel. The lemure hits you but does no damage.
The lemure hits you.
* * * LOW HITPOINT WARNING * * *
Pikel zaps a wand.
You resist with almost no effort.
You completely miss Pikel. The lemure hits you.
You die...

## ######## ≈# ##### #..†.... ≈#
#...########### #.###### ≈#
#.............# #.# ≈#
#...#########.# #.# ## ##.##
##.## #K# #.#
#####..###.#.###@####### #.# #
##........###.##55.....# #.# ##
#.###.#.## ##.#######.###.# #_
#.# #..## ##............######
#.###...## ##.####.............#
#.#.....<###...................#
#.#.#...#.#.#(.###.##.###.#####.
##.#.#....#.#(#.....##.).........
.............###.......<......##.


You could see Pikel and 2 lemures.

Vanquished Creatures
  A lemure (D:3)
  Robin (D:2)
  3 adders
  2 oozes
  3 worms
  A dart slug (D:2)
  5 orcs (D:3)
  2 ball pythons
  6 giant cockroaches
  16 goblins
  12 hobgoblins
  6 jackals
  A quokka (D:2)
  7 bats
  3 frilled lizards (D:3)
  5 kobolds
  13 rats
87 creatures vanquished.

Notes
Turn   | Place    | Note
-------+----------+-------------------------------------------
     0 | D:1      | trollhero the Ghoul Monk began the quest for the Orb.
     0 | D:1      | Reached XP level 1. HP: 19/19 MP: 0/0
   137 | D:1      | Reached XP level 2. HP: 26/26 MP: 1/1
   217 | D:1      | Reached skill level 4 in Unarmed Combat
   474 | D:1      | Reached XP level 3. HP: 31/31 MP: 2/2
   837 | D:2      | Reached skill level 5 in Unarmed Combat
  1029 | D:2      | Noticed Robin
  1030 | D:2      | Reached XP level 4. HP: 38/38 MP: 3/3
  1041 | D:2      | Killed Robin
  1165 | D:2      | Found a burning altar of Makhleb.
  1174 | D:2      | Became a worshipper of Makhleb the Destroyer
  1174 | D:2      | Reached * piety under Makhleb
  1174 | D:2      | Reached ** piety under Makhleb
  1179 | D:2      | Found a white marble altar of Elyvilon.
  1183 | D:2      | Found a shimmering blue altar of Sif Muna.
  1223 | D:2      | Found a bloodstained altar of Trog.
  1298 | D:2      | Found a shimmering altar of Xom.
  1621 | D:3      | Reached skill level 6 in Unarmed Combat
  1738 | D:3      | Reached XP level 5. HP: 45/45 MP: 4/4
  2251 | D:3      | Found a hazy altar of Hepliaklqana.
  2394 | D:4      | Noticed Pikel
  2394 | D:4      | Noticed a lemure
  2394 | D:4      | Noticed a lemure
  2394 | D:4      | Noticed a lemure
  2394 | D:4      | Noticed a lemure
  2408 | D:3      | Killed a lemure
  2431 | D:3      | Paralysed by Pikel for 3 turns
  2438 | D:3      | Slain by a lemure

Illustrated notes

Levels and vault maps discovered:
D:1:      dpeg_arrival_arbitrary_b, layout_basic
D:2:      layout_loops_cross, old_standard_altar,
          minmay_overflow_temple_star_quad, trog_book, uniq_robin
D:3:      wander_river, layout_loops_ring, marbit_many_paths,
          hangedman_abyss_or_decor_stabs, chequers_serial_rivers_micro_d,
          grunt_ministairs_2
D:4:      layout_rooms, serial_shops, shop_scrolls, uniq_ijyb, uniq_pikel

Skill      XL: |  1  2  3  4 |
---------------+-------------+-----
Unarmed Combat | 4 5 6 |  6.4
Fighting       | |  3.2
Dodging        | |  2.6
Stealth        | |  2.1

Action                   |  1- 3 |  4- 6 || total
-------------------------+-------+-------++-------
Melee: Unarmed           |   114 |   176 ||   290
       Punch             |     3 |     6 ||     9
  Use: Scroll            |     4 |     8 ||    12
       Potion            |     2 |       ||     2
 Stab: Distracted        |       |     1 ||     1
Armor: Chain mail        |    71 |   114 ||   185
Dodge: Dodged            |    40 |    74 ||   114

Table legend: (Time is in decaauts)
 A = Elapsed time spent in this place.
 B = Non-inter-level travel time spent in this place.
 C = Inter-level travel time spent in this place.
 D = Time resting spent in this place.
 E = Time spent auto-exploring this place.
 F = Levels seen in this place.
 G = Mean time per level.
                   A        B        C        D        E       F      G
               +--------+--------+--------+--------+--------+-----+--------+
         Total |   2432 |   2376 |     56 |      0 |   1771 |   4 |  608.0 |
       Dungeon |   2432 |   2376 |     56 |      0 |   1771 |   4 |  608.0 |
               +--------+--------+--------+--------+--------+-----+--------+

Top non-repeatable levels by time:
     D:3: 924 daAuts
     D:2: 777 daAuts
     D:1: 723 daAuts
     D:4: 6 daAuts
